 Dungeon Crawl Stone Soup version 0.29-a0-993-g4a18f31a58 (webtiles) character file.

Game seed: 8705719872652037128

22505 freelancePsychic the Cleaver (level 13, -6/84 HPs)
             Began as a Gargoyle Monk on Aug 2, 2022.
             Was a Priest of Fedhas.
             Mangled by a tentacled starspawn (21 damage)
             ... on level 2 of the Abyss.
             The game lasted 00:19:25 (12942 turns).

freelancePsychic the Cleaver (Gargoyle Monk)       Turns: 12942, Time: 00:19:25

Health: -6/84      AC: 26    Str: 21    XL:     13   Next: 0%
Magic:  19/19      EV: 12    Int: 10    God:    Fedhas [***...]
Gold:   510        SH:  5    Dex: 12    Spells: 12/12 levels left

rFire   . . .      SeeInvis +   b - +7 broad axe
rCold   . . .      Faith    .   j - +0 buckler
rNeg    + . .      Spirit   .   x - +0 steam dragon scales
rPois   ∞          Reflect  .   p - +2 helmet
rElec   +          Harm     .   q - +0 cloak
rCorr   .          Rampage  .   I - +2 pair of gloves
Will    .....                   l - +0 pair of boots
Stlth   ++........              (no amulet)
HPRegen 0.24/turn               e - +4 ring of protection
MPRegen 0.16/turn               n - ring of see invisible

@: mighty, on berserk cooldown
A: sickness immunity, AC +9, negative energy resistance 1, electricity
resistance, torment resistance 1, petrification resistance
a: Renounce Religion, Wall of Briars, Grow Ballistomycete


You were on level 2 of the Abyss.
You worshipped Fedhas.
Fedhas was most pleased with you.
You visited 2 branches of the dungeon, and saw 12 of its levels.
You visited the Abyss 1 time.
You also visited: Bailey.

You collected 510 gold pieces.

Inventory:

Hand Weapons
 a - a +1 war axe of flaming
 b - a +7 broad axe (weapon)
Armour
 j - a +0 buckler (worn)
 l - a +0 pair of boots (worn)
 m - a +0 plate armour
 p - a +2 helmet (worn)
 q - a +0 cloak (worn)
 x - +0 steam dragon scales (worn)
 I - a +2 pair of gloves (worn)
Jewellery
 e - a +4 ring of protection (left hand)
 k - a +4 ring of protection
 n - a ring of see invisible (right hand)
Wands
 g - a wand of paralysis (4)
 u - a wand of flame (39)
 y - a wand of digging (7)
 A - a wand of light (16)
 G - a wand of mindburst (13)
 H - a wand of roots (3)
 O - a wand of polymorph (3)
Scrolls
 r - 2 scrolls of fear
 z - 2 scrolls of enchant armour
 E - a scroll of summoning
 K - a scroll of fog
Potions
 d - a potion of degeneration
 f - 5 potions of mutation
 i - 2 potions of attraction
 o - 2 potions of lignification
 s - a potion of magic
 t - 3 potions of flight
 w - 3 potions of curing {@q1}
 F - 4 potions of brilliance
 J - 2 potions of invisibility
Miscellaneous
 L - a phantom mirror
 M - a condenser vane


   Skills:
 + Level 11.1 Fighting
 * Level 14.2(14.5) Axes
 - Level 5.3(11.3) Maces & Flails
 - Level 2.4 Dodging
 - Level 2.1 Stealth
 - Level 4.0 Shields
 + Level 8.2 Invocations
 - Level 3.5 Evocations


You had 12 spell levels left.
You didn't know any spells.
Your spell library contained the following spells:

 Spells                   Type           Power      Damage    Failure   Level
 Tukima's Dance           Hex            0%         N/A       82%         3
 Passage of Golubria      Tloc           0%         N/A       99%         4
 Yara's Violent Unravell  Hex/Tmut       0%         3d3       100%        5


Dungeon Overview and Level Annotations

Branches:
Dungeon (11/15)            Temple (1/1) D:5            Lair (0/5) D:11
 Bailey (visited)
    Orc: D:9-12

Altars:
Ashenzari
Cheibriados
Dithmenos
Fedhas
Hepliaklqana
Makhleb
Nemelex Xobeh
Okawaru
Sif Muna
Uskayaw
Vehumet
Wu Jian
Xom
Zin
The Shining One

Shops:
D:7 :   D:8 [

Annotations:
D:4 2 transporters, flotson's ghost, weakling DsDe
D:8 3 runed translucent doors, Encipher's ghost, novice MfIE
D:9 1 runed translucent door, Sabo's ghost, novice DrAE
D:10 2 transporters


Innate Abilities, Weirdness & Mutations

You are immune to sickness and miasma.
Your stone body is resilient. (AC +9)
You are immune to poison.
You resist negative energy. (rN+)
You are resistant to electric shocks. (rElec)
You are resistant to unholy torment.
You are immune to petrification.


Message History

The tentacled starspawn misses you.
The tentacled starspawn closely misses you.
It was a potion of heal wounds.
You feel much better.
The tentacled starspawn closely misses you.
You block the tentacled starspawn's attack.
You feel much better. The tentacled starspawn bites you!
The tentacled starspawn tentacle-slaps you but does no damage.
The tentacled starspawn bites you but does no damage.
The tentacled starspawn tentacle-slaps you but does no damage.
You feel much better.
You feel yourself speed up.
The tentacled starspawn bites you but does no damage.
The tentacled starspawn completely misses you.
You slash the tentacled starspawn!
The tentacled starspawn is lightly damaged.
The tentacled starspawn bites you!!
The tentacled starspawn tentacle-slaps you but does no damage.
You slash the tentacled starspawn!
The tentacled starspawn is moderately damaged.
The tentacled starspawn barely misses you.
You block the tentacled starspawn's attack.
You hit the tentacled starspawn.
The tentacled starspawn is moderately damaged.
The tentacled starspawn bites you!
* * * LOW HITPOINT WARNING * * *
The tentacled starspawn tentacle-slaps you!
* * * LOW HITPOINT WARNING * * *
You barely miss the tentacled starspawn.
The tentacled starspawn is moderately damaged.
The tentacled starspawn barely misses you.
You block the tentacled starspawn's attack.
You hit the tentacled starspawn.
The tentacled starspawn is moderately damaged.
The tentacled starspawn bites you but does no damage.
The tentacled starspawn closely misses you.
You slice the tentacled starspawn!!
The tentacled starspawn is severely damaged.
The tentacled starspawn bites you!!
You die...
Fedhas appreciates your contribution to the ecosystem.

... #.##.# ##
...... #.
#.#.#....#.
..# # ...# ..
. . ## . #..
. #.### #..
.#. .
..#.......
... #.#. ...
.. # ###... .
..##. #
#@###. #.
....##
###X#...##...
###
#.Xww######
..#
..#.3....#
#.###
#.#......#.##
.. #.....#.
.#
..##..##..#
... .... ..
.... .... ...


You could see a tentacled starspawn, a thrashing horror, a sixfirhy and 2
starspawn tentacles.

Vanquished Creatures
  An orc warlord (Bailey)
  A green death (Abyss:2)
  A hydra (D:9)
  2 two-headed ogres
  A wretched star (Abyss:2)
  A large abomination (Abyss:2)
  Pikel (D:8)
  A cyclops (D:11)
  2 ugly things
  An elephant (D:11)
  2 gargoyles
  A troll (D:9)
  A hornet (D:11)
  Sigmund (D:3)
  11 yaks
  A basilisk (D:11)
  A wraith (D:11)
  A vampire mosquito (D:9)
  Grum (D:11)
  A steam dragon (D:7)
  An acid dragon (D:10)
  5 water moccasins
  7 orc warriors
  2 black bears
  4 ice beasts
  5 centaurs
  An ogre (D:6)
  4 wolves (D:11)
  3 lemures (D:8)
  A phantom (D:5)
  A kobold brigand (D:7)
  4 bullfrogs
  3 scorpions
  8 wights
  18 killer bees
  8 howler monkeys
  3 hounds
  A gnoll bouda (D:8)
  Crazy Yiuf (D:7)
  3 iguanas
  9 orc wizards
  9 gnolls
  6 adders
  2 shadow imps
  An ufetubus (D:5)
  7 dart slugs
  19 orcs
  13 ball pythons
  3 endoplasms
  A giant cockroach (D:3)
  10 goblins
  7 hobgoblins
  3 jackals (D:1)
  5 quokkas
  A bat (D:1)
  2 frilled lizards (D:3)
  19 kobolds
  3 rats (D:2)
  2 ballistomycete spores
238 creatures vanquished.

Vanquished Creatures (collateral kills)
  11 ballistomycete spores
11 creatures vanquished.

Vanquished Creatures (others)
  2 ballistomycete spores
  2 starspawn tentacles (Abyss:2)
4 creatures vanquished.

Grand Total: 253 creatures vanquished

Notes
Turn   | Place    | Note
-------+----------+-------------------------------------------
     0 | D:1      | freelancePsychic the Gargoyle Monk began the quest for the
                  | Orb.
     0 | D:1      | Reached XP level 1. HP: 14/14 MP: 1/1
   224 | D:1      | Found a faded altar of an unknown god.
   314 | D:1      | Reached XP level 2. HP: 13/19 MP: 2/2
  1431 | D:2      | Reached XP level 3. HP: 21/24 MP: 3/3
  2049 | D:2      | Reached XP level 4. HP: 29/29 MP: 4/4
  2360 | D:3      | Found a shimmering blue altar of Sif Muna.
  2538 | D:3      | Noticed Sigmund
  2983 | D:4      | Found a transporter.
  2986 | D:4      | Noticed flotson's ghost (weakling DsDe)
  2988 | D:4      | Noticed an orc warrior
  2995 | D:4      | Found a transporter.
  3013 | D:4      | Noticed a phantom
  3064 | D:4      | Reached skill level 1 in Shields
  3088 | D:4      | Reached XP level 5. HP: 19/33 MP: 5/5
  3423 | D:4      | Reached skill level 5 in Maces & Flails
  3853 | D:5      | Entered Level 5 of the Dungeon
  3887 | D:4      | Reached XP level 6. HP: 34/39 MP: 6/6
  4048 | D:5      | Found a shadowy altar of Dithmenos.
  4076 | D:5      | Reached skill level 1 in Axes
  4090 | D:5      | Reached skill level 5 in Fighting
  4134 | D:5      | Noticed a black bear
  4152 | D:5      | Killed a black bear
  4153 | D:5      | Reached skill level 2 in Axes
  4153 | D:5      | Reached XP level 7. HP: 34/44 MP: 7/7
  4274 | D:5      | Reached skill level 3 in Axes
  4463 | D:5      | Found a staircase to the Ecumenical Temple.
  4775 | D:6      | Reached XP level 8. HP: 51/51 MP: 8/8
  4851 | D:6      | Reached skill level 4 in Axes
  4851 | D:6      | Reached skill level 1 in Evocations
  5556 | D:6      | Reached skill level 5 in Axes
  5899 | D:7      | Reached skill level 6 in Axes
  5899 | D:7      | Reached XP level 9. HP: 53/57 MP: 9/9
  5927 | D:7      | Found Edutzeff's Book Boutique.
  6376 | D:7      | Found a runed translucent door.
  6377 | D:7      | Noticed Crazy Yiuf
  6649 | D:7      | Killed Crazy Yiuf
  6906 | D:5      | Found a snail-covered altar of Cheibriados.
  7176 | D:3      | Killed Sigmund
  7409 | Temple   | Entered the Ecumenical Temple
  7596 | Temple   | Became a worshipper of Fedhas Madash
  7596 | Temple   | Reached * piety under Fedhas
  7596 | Temple   | Reached ** piety under Fedhas
  7699 | D:8      | Reached skill level 1 in Invocations
  7782 | D:8      | Reached skill level 7 in Axes
  7938 | D:8      | Noticed Pikel
  7972 | D:8      | Killed Pikel
  8021 | D:8      | Found a runed translucent gate.
  8180 | D:8      | Found a runed translucent gate.
  8180 | D:8      | Found a runed translucent gate.
  8181 | D:8      | Noticed Encipher's ghost (novice MfIE)
  8228 | D:8      | Found a burning altar of Makhleb.
  8347 | D:8      | Reached skill level 8 in Axes
  8347 | D:8      | Reached XP level 10. HP: 64/64 MP: 12/12
  8676 | D:8      | Found Vizxeoh's Armour Shop.
  8833 | D:9      | Noticed a four-headed hydra
  8846 | D:9      | Killed a one-headed hydra
  9015 | D:9      | Noticed a two-headed ogre
  9027 | D:9      | Noticed a purple ugly thing
  9037 | D:9      | Killed a purple ugly thing
  9038 | D:9      | Reached skill level 9 in Axes
  9038 | D:9      | Reached skill level 5 in Invocations
  9070 | D:9      | Killed a two-headed ogre
  9190 | D:9      | Found a runed translucent door.
  9192 | D:9      | Found a shimmering altar of Xom.
  9192 | D:9      | Noticed Sabo's ghost (novice DrAE)
  9229 | D:9      | Noticed a +0 hand axe of chaos
  9576 | D:9      | Reached XP level 11. HP: 72/72 MP: 15/15
  9577 | D:9      | Reached skill level 10 in Axes
  9582 | D:9      | Reached *** piety under Fedhas
  9913 | D:10     | Entered Level 10 of the Dungeon
 10087 | D:10     | Found a flagged portal.
 10103 | Bailey   | Entered a bailey
 10108 | Bailey   | Noticed an orc warlord
 10380 | Bailey   | Found a runed translucent gate.
 10397 | Bailey   | Found a runed translucent gate.
 10399 | Bailey   | Found a runed translucent gate.
 10508 | Bailey   | Killed an orc warlord
 10509 | Bailey   | Reached skill level 10 in Fighting
 10627 | Bailey   | Reached skill level 13 in Axes
 10627 | Bailey   | Reached XP level 12. HP: 77/77 MP: 17/17
 11093 | D:10     | Found a transporter.
 11094 | D:10     | Found a transporter.
 11094 | D:10     | Noticed a boulder beetle
 11271 | D:10     | Found a glowing silver altar of Zin.
 11407 | D:10     | Noticed a two-headed ogre
 11420 | D:10     | Killed a two-headed ogre
 11524 | D:10     | You fall into a shaft and drop 1 floor!
 11553 | D:11     | Found a staircase to the Lair.
 11894 | D:11     | Noticed Grum
 11912 | D:11     | Killed Grum
 12358 | D:11     | Reached skill level 14 in Axes
 12601 | D:11     | Identified the +4 chain mail of Grace {*Slow rPois Int+3}
 12795 | Abyss:2  | Found a corrupted altar of Lugonu.
 12795 | Abyss:2  | Cast into level 2 of the Abyss (a wizard)
 12867 | Abyss:2  | Noticed a wretched star
 12874 | Abyss:2  | Noticed a tentacled starspawn
 12892 | Abyss:2  | Noticed a green death
 12906 | Abyss:2  | Killed a green death
 12911 | Abyss:2  | Killed a wretched star
 12912 | Abyss:2  | Noticed a daeva
 12915 | Abyss:2  | Reached XP level 13. HP: 84/84 MP: 17/19
 12931 | Abyss:2  | HP: 1/84 [tentacled starspawn (18)]
 12942 | Abyss:2  | Mangled by a tentacled starspawn

Illustrated notes

Levels and vault maps discovered:
D:1:      dpeg_arrival_rhombus, layout_basic, nicolae_ecumenical_lake_church
D:2:      kennysheep_big_flooded_room, layout_loops_ring, kennysheep_nondescript
D:3:      layout_loops_ring, mainiacjoe_overflow_brackets,
          chequers_serial_rivers_room_a, serial_bayou_crossing, uniq_sigmund
D:4:      layout_basic, gammafunk_ghost_arena, nicolae_elevator_lobby_plus
D:5:      layout_rooms, nicolae_overflow_hidden_temple, general_overflow_altar,
          minmay_temple_entry_purple_smoke
D:6:      layout_basic
D:7:      layout_loops_ring, serial_shops, nicolae_shop_waterfront,
          uniq_crazy_yiuf_cottage
D:8:      layout_loops_cross, nicolae_overflow_crystal_walls, serial_glass,
          glass_columns_a, glass_columns_c, glass_columns_b, glass_columns_c,
          glass_columns_b, serial_shops, nicolae_shop_waterfront,
          gammafunk_ghost_necromancy, uniq_pikel
D:9:      layout_gridville, ebering_ghost_xom, kb_rosetta
D:10:     gammafunk_boulding_lane, layout_loops_ring, zin_scriptorium,
          enter_bailey_5, evilmike_minifort
D:11:     layout_rooms, david_lair_generic, serial_corexii_hall,
          chequers_hall_statues_corner_a, corexii_hall_statues_s,
          hangedman_decor_points, laboratory, uniq_grum
Temple:   bh_familiar_temple
Abyss:2:  base: D:10, hangedman_abyss_stitches_cave

Skill      XL: |  1  2  3  4  5  6  7  8  9 10 11 12 |
---------------+-------------------------------------+-----
Maces & Flails | 4 5 |  5.3
Fighting       | 4 5 7 8 9 10 11 | 11.1
Shields        | 1 2 3 4 |  4.0
Axes           | 2 3 6 8 9 13 14 | 14.2
Evocations     | 3 |  3.5
Invocations    | 3 6 8 |  8.2
Dodging        | |  2.4
Stealth        | |  2.1

Action                   |  1- 3 |  4- 6 |  7- 9 | 10-12 | 13-15 || total
-------------------------+-------+-------+-------+-------+-------++-------
Melee: Mace              |    84 |    14 |       |       |       ||    98
       Punch             |     1 |       |       |       |       ||     1
       Flail             |       |   111 |       |       |       ||   111
       War axe           |       |    27 |    77 |   207 |       ||   311
       Hand axe          |       |       |   215 |    11 |       ||   226
       Broad axe         |       |       |       |   120 |     8 ||   128
Throw: Throwing net      |       |       |       |     1 |       ||     1
Invok: Grow Ballistomyce |       |       |       |     4 |       ||     4
Evoke: Wand              |       |       |     9 |     5 |       ||    14
  Use: Scroll            |     3 |     3 |     2 |    16 |     1 ||    25
       Potion            |       |     2 |       |     3 |     6 ||    11
 Stab: Sleeping          |     4 |     1 |     4 |     3 |       ||    12
       Paralysed         |       |       |    13 |     6 |       ||    19
       Held in net/web   |       |       |       |     2 |       ||     2
       Confused          |       |       |       |     2 |       ||     2
       Distracted        |       |       |       |     1 |       ||     1
Armor: Robe              |    25 |       |       |       |       ||    25
       Ring mail         |     6 |   128 |    58 |       |       ||   192
       Steam dragon scal |       |       |    81 |   202 |    15 ||   298
Dodge: Dodged            |    43 |    85 |   130 |   192 |    21 ||   471
Block: Buckler           |       |    24 |    73 |    70 |     7 ||   174

Table legend: (Time is in decaauts)
 A = Elapsed time spent in this place.
 B = Non-inter-level travel time spent in this place.
 C = Inter-level travel time spent in this place.
 D = Time resting spent in this place.
 E = Time spent auto-exploring this place.
 F = Levels seen in this place.
 G = Mean time per level.
                   A        B        C        D        E       F      G
               +--------+--------+--------+--------+--------+-----+--------+
         Total |  13011 |  12061 |    950 |    407 |   9385 |  14 |  929.4 |
       Dungeon |  12065 |  11149 |    916 |    407 |   8773 |  11 | 1096.8 |
        Temple |     92 |     59 |     33 |      0 |     54 |   1 |   92.0 |
         Abyss |    136 |    136 |      0 |      0 |     63 |   1 |  136.0 |
        Bailey |    716 |    716 |      0 |      0 |    495 |   1 |  716.0 |
               +--------+--------+--------+--------+--------+-----+--------+

Top non-repeatable levels by time:
     D:1: 1322 daAuts
     D:6: 1189 daAuts
     D:9: 1188 daAuts
     D:8: 1167 daAuts
    D:11: 1131 daAuts
     D:7: 1131 daAuts
     D:2: 1102 daAuts
     D:4: 1074 daAuts
    D:10: 1004 daAuts
     D:5: 883 daAuts
     D:3: 870 daAuts
  Bailey: 716 daAuts
 Abyss:2: 136 daAuts
  Temple: 92 daAuts
